PAA
WESTWOOD SIXSHOOTERS @ NORTHVILLE ECLIPSE
09/13/2042
 
TOP OF THE 1ST
Westwood Sixshooters batting - Pitching for Northville Eclipse : RHP Edwin Meadows
Pitching: RHP Edwin Meadows
Batting: LHB Derek Kelly 0-0: Called Strike
0-1: Ball
1-1: Foul Ball, location: 2F
1-2: Ball
2-2: Ball
3-2: Base on Balls
Batting: SHB William Anderson 0-0: Called Strike
0-1: Called Strike
0-2: Ball
1-2: Foul Ball, location: 2F
1-2: Ball
2-2: Foul Ball, location: 2F
2-2: Strikes out looking
Batting: RHB Illarion Podmarkov 0-0: Called Strike
0-1: Called Strike
0-2: Ball
1-2: Ball
2-2: Fly out, F8 (Flyball, 89S, EV 89.4 MPH)
Batting: LHB Rick Kirkham 0-0: Fly out, F9 (Flyball, 9S, EV 83.8 MPH)
Top of the 1st over - 0 runs, 0 hits, 0 errors, 1 left on base; Westwood 0 - Northville 0
BOTTOM OF THE 1ST
Northville Eclipse batting - Pitching for Westwood Sixshooters : RHP Raúl Reyes
Pitching: RHP Raúl Reyes
Batting: LHB John Kersey 0-0: Ball
1-0: Foul Ball, location: 2F
1-1: Swinging Strike
1-2: Fly out, F8 (Flyball, 89M, EV 94.4 MPH)
Batting: RHB Daniel Marley 0-0: Ball
1-0: Called Strike
1-1: Foul Ball, location: 2F
1-2: Ground out 6-3 (Groundball, 6, EV 85.0 MPH)
Batting: LHB Jorge Napolez 0-0: Ball
1-0: Foul Ball, location: 2F
1-1: Swinging Strike
1-2: Strikes out swinging
Bottom of the 1st over - 0 runs, 0 hits, 0 errors, 0 left on base; Westwood 0 - Northville 0
TOP OF THE 2ND
Westwood Sixshooters batting - Pitching for Northville Eclipse : RHP Edwin Meadows
Batting: LHB Luis Benítez 0-0: Ball
1-0: Fly out, F7 (Flyball, 7LSF, EV 80.0 MPH)
Batting: RHB Slavik Akentiev 0-0: Fly out, F9 (Flyball, 9LS, EV 86.2 MPH)
Batting: RHB John Siddall 0-0: Called Strike
0-1: Ground out 6-3 (Groundball, 6M, EV 96.9 MPH)
Top of the 2nd over - 0 runs, 0 hits, 0 errors, 0 left on base; Westwood 0 - Northville 0
BOTTOM OF THE 2ND
Northville Eclipse batting - Pitching for Westwood Sixshooters : RHP Raúl Reyes
Batting: RHB Jesús Mancebo 0-0: Called Strike
0-1: Foul Ball, location: 2F
0-2: Foul Ball, location: 2F
0-2: Ball
1-2: Foul Ball, location: 2F
1-2: Ball
2-2: Ball
3-2: Ground out 4-3 (Groundball, 34, EV 103.1 MPH)
Batting: SHB Diego Alejandro Secada 0-0: Foul Ball, location: 2F
0-1: Ball
1-1: Ground out 5-3 (Groundball, 5, EV 100.6 MPH)
Batting: RHB Kuan Pi 0-0: Ground out U3 (Groundball, 34, EV 86.2 MPH)
Bottom of the 2nd over - 0 runs, 0 hits, 0 errors, 0 left on base; Westwood 0 - Northville 0
TOP OF THE 3RD
Westwood Sixshooters batting - Pitching for Northville Eclipse : RHP Edwin Meadows
Batting: RHB Patrick Rivera 0-0: Called Strike
0-1: Foul Ball, location: 2F
0-2: Ball
1-2: Ball
2-2: Foul Ball, location: 2F
2-2: Ball
3-2: DOUBLE (Line Drive, 9D, EV 91.2 MPH)
Batting: RHB Edmond Hallewell 0-0: Ground out 4-3 (Groundball, 34D, EV 100.0 MPH)
Patrick Rivera to third
Batting: LHB Derek Kelly 0-0: Called Strike
0-1: Foul Ball, location: 2F
0-2: Ground out U3 (Groundball, 34S, EV 82.5 MPH)
Patrick Rivera scores
Batting: SHB William Anderson 0-0: Ball
1-0: SINGLE (Line Drive, 8LS, EV 106.9 MPH)
Batting: RHB Illarion Podmarkov 0-0: Foul Ball, location: 2F
0-1: Ball
1-1: Ball
2-1: Fielders Choice at 2nd, 6-4 (Groundball, 6, EV 103.8 MPH)
Top of the 3rd over - 1 run, 2 hits, 0 errors, 1 left on base; Westwood 1 - Northville 0
BOTTOM OF THE 3RD
Northville Eclipse batting - Pitching for Westwood Sixshooters : RHP Raúl Reyes
Batting: RHB Lex van Esch 0-0: Ball
1-0: Called Strike
1-1: Ball
2-1: Ball
3-1: Foul Ball, location: 2F
3-2: Ground out 6-3 (Groundball, 6, EV 80.0 MPH)
Batting: RHB Junji Ito 0-0: Called Strike
0-1: Swinging Strike
0-2: Ball
1-2: Ball
2-2: Ball
3-2: Ground out 6-3 (Groundball, 56, EV 98.8 MPH)
Batting: RHB Bastien Oudin 0-0: Called Strike
0-1: Swinging Strike
0-2: Ball
1-2: Ball
2-2: Ground out 6-3 (Groundball, 6, EV 86.2 MPH)
Bottom of the 3rd over - 0 runs, 0 hits, 0 errors, 0 left on base; Westwood 1 - Northville 0
TOP OF THE 4TH
Westwood Sixshooters batting - Pitching for Northville Eclipse : RHP Edwin Meadows
Batting: LHB Rick Kirkham 0-0: Called Strike
0-1: SINGLE (Flyball, 6MD, EV 94.4 MPH)
Batting: LHB Luis Benítez 0-0: Ball
1-0: Ball
2-0: SINGLE (Flyball, 8LS, EV 90.0 MPH)
Rick Kirkham to second
Batting: RHB Slavik Akentiev 0-0: Ball
1-0: Swinging Strike
1-1: Foul Ball, location: 2F
1-2: Ball
2-2: Ball
3-2: Foul Ball, location: 2F
3-2: SINGLE (Groundball, 6MD, EV 100.0 MPH)
Rick Kirkham to third
Luis Benítez to second
Runner from 3rd tries for Home, throw by CF and OUT! 8-2
Batting: RHB John Siddall 0-0: Called Strike
0-1: Ball
1-1: Foul Ball, location: 2F
1-2: Fly out, F9 (Flyball, 89S, EV 73.1 MPH)
Batting: RHB Patrick Rivera 0-0: Ball
1-0: Ball
2-0: Ball
3-0: Called Strike
3-1: Foul Ball, location: 2F
3-2: Foul Ball, location: 2F
3-2: Strikes out swinging
Top of the 4th over - 0 runs, 3 hits, 0 errors, 2 left on base; Westwood 1 - Northville 0
BOTTOM OF THE 4TH
Northville Eclipse batting - Pitching for Westwood Sixshooters : RHP Raúl Reyes
Batting: LHB John Kersey 0-0: Swinging Strike
0-1: Foul Ball, location: 2F
0-2: Foul Ball, location: 2F
0-2: Ball
1-2: Ball
2-2: Foul Ball, location: 2F
2-2: Ball
3-2: SINGLE (Line Drive, 8RS, EV 91.2 MPH)
Batting: RHB Daniel Marley 0-0: Called Strike
0-1: Ball
1-1: Fly out, F1 (Line Drive, P, EV 67.5 MPH)
Batting: LHB Jorge Napolez 0-0: Ball
1-0: Called Strike
John Kersey steals 2nd base
1-1: Ball
2-1: Ball
3-1: Base on Balls
Batting: RHB Jesús Mancebo 0-0: Ball
1-0: Ball
2-0: Fly out, F8 (Flyball, 8LD, EV 102.5 MPH)
Batting: SHB Diego Alejandro Secada 0-0: Called Strike
0-1: Fielders Choice at 2nd, 6-4 (Groundball, 6, EV 90.6 MPH)
Bottom of the 4th over - 0 runs, 1 hit, 0 errors, 2 left on base; Westwood 1 - Northville 0
TOP OF THE 5TH
Westwood Sixshooters batting - Pitching for Northville Eclipse : RHP Edwin Meadows
Batting: RHB Edmond Hallewell 0-0: Ball
1-0: Foul Ball, location: 2F
1-1: Ground out 5-3 (Groundball, 56, EV 103.8 MPH)
Batting: LHB Derek Kelly 0-0: Ball
1-0: Ball
2-0: Called Strike
2-1: Swinging Strike
2-2: Ball
3-2: Foul Ball, location: 2F
3-2: SINGLE (Line Drive, 78S, EV 99.4 MPH)
Batting: SHB William Anderson 0-0: Swinging Strike
0-1: SINGLE (Groundball, 34D, EV 110.0 MPH)
Derek Kelly to second
Runner from 2nd tries for 3rd, SAFE, no throw by RF
Batting: RHB Illarion Podmarkov 0-0: Ball
1-0: Hit by Pitch
William Anderson to second
Batting: LHB Rick Kirkham 0-0: Called Strike
0-1: Ball
1-1: Ball
2-1: Grounds into double play, 6-4-3 (Groundball, 6D, EV 101.2 MPH)
Top of the 5th over - 0 runs, 2 hits, 0 errors, 2 left on base; Westwood 1 - Northville 0
BOTTOM OF THE 5TH
Northville Eclipse batting - Pitching for Westwood Sixshooters : RHP Raúl Reyes
Batting: RHB Kuan Pi 0-0: Ball
1-0: Ball
2-0: Ball
3-0: Called Strike
3-1: Foul Ball, location: 2F
3-2: Foul Ball, location: 2F
3-2: Ground out 1-3 (Groundball, 34S, EV 81.9 MPH)
Batting: RHB Lex van Esch 0-0: Ball
1-0: Called Strike
1-1: Ball
2-1: Fly out, F8 (Flyball, 8LM, EV 80.6 MPH)
Batting: RHB Junji Ito 0-0: Called Strike
0-1: Ball
1-1: Swinging Strike
1-2: Strikes out swinging
Bottom of the 5th over - 0 runs, 0 hits, 0 errors, 0 left on base; Westwood 1 - Northville 0
TOP OF THE 6TH
Westwood Sixshooters batting - Pitching for Northville Eclipse : RHP Edwin Meadows
Batting: LHB Luis Benítez 0-0: Ball
1-0: Ball
2-0: Called Strike
2-1: Fly out, F8 (Flyball, 8RM, EV 90.6 MPH)
Batting: RHB Slavik Akentiev 0-0: Called Strike
0-1: Ball
1-1: Ball
2-1: Foul Ball, location: 2F
2-2: Strikes out looking
Batting: RHB John Siddall 0-0: Called Strike
0-1: Ball
1-1: SINGLE (Line Drive, 89S, EV 108.8 MPH)
Batting: RHB Patrick Rivera 0-0: Ball
1-0: Swinging Strike
1-1: Ball
2-1: Swinging Strike
2-2: Ball
3-2: Fly out, F7 (Flyball, 7D, EV 91.9 MPH)
Top of the 6th over - 0 runs, 1 hit, 0 errors, 1 left on base; Westwood 1 - Northville 0
BOTTOM OF THE 6TH
Northville Eclipse batting - Pitching for Westwood Sixshooters : RHP Raúl Reyes
Batting: RHB Bastien Oudin 0-0: Called Strike
0-1: Ball
1-1: Foul Ball, location: 2F
1-2: Strikes out swinging
Batting: LHB John Kersey 0-0: Foul Ball, location: 2F
0-1: Called Strike
0-2: Ball
1-2: Ball
2-2: Ball
3-2: SINGLE (Line Drive, 7S, EV 102.5 MPH)
Batting: RHB Daniel Marley 0-0: 2-RUN HOME RUN (Flyball, 7LD, EV 99.4 MPH), Distance : 348 ft
Batting: LHB Jorge Napolez 0-0: Called Strike
0-1: Swinging Strike
0-2: Ball
1-2: Ball
2-2: Strikes out swinging
Batting: RHB Jesús Mancebo 0-0: Foul Ball, location: 2F
0-1: Ball
1-1: Called Strike
1-2: Strikes out looking
Bottom of the 6th over - 2 runs, 2 hits, 0 errors, 0 left on base; Westwood 1 - Northville 2
TOP OF THE 7TH
Westwood Sixshooters batting - Pitching for Northville Eclipse : RHP Edwin Meadows
Batting: RHB Edmond Hallewell 0-0: Ball
1-0: Swinging Strike
1-1: Ball
2-1: Ball
3-1: Fly out, F8 (Flyball, 89XD, EV 105.6 MPH)
Pitching: LHP Vasile Alexandrescu
Batting: LHB Derek Kelly 0-0: Foul Ball, location: 2F
0-1: Ball
1-1: Ball
2-1: Called Strike
2-2: Strikes out looking
Batting: SHB William Anderson 0-0: Swinging Strike
0-1: Foul Ball, location: 2F
0-2: Foul Ball, location: 2F
0-2: Ball
1-2: Ball
2-2: SINGLE (Line Drive, 7LM, EV 108.1 MPH)
Batting: RHB Illarion Podmarkov 0-0: Ball
1-0: Ball
2-0: SINGLE (Groundball, 6MD, EV 98.1 MPH)
William Anderson to second
Pinch Hitting: RHB Juan Sierra 0-0: Ball
1-0: Ground out 1-3 (Groundball, P, EV 81.9 MPH)
Top of the 7th over - 0 runs, 2 hits, 0 errors, 2 left on base; Westwood 1 - Northville 2
BOTTOM OF THE 7TH
Northville Eclipse batting - Pitching for Westwood Sixshooters : RHP Raúl Reyes
Pitching: RHP Finley Brinley
Now in CF: Earl McCarty
Batting: SHB Diego Alejandro Secada 0-0: Ball
1-0: Called Strike
1-1: Foul Ball, location: 2F
1-2: Ball
2-2: Ball
3-2: Foul Ball, location: 2F
3-2: Ground out 4-3 (Groundball, 34D, EV 106.2 MPH)
Batting: RHB Kuan Pi 0-0: Ball
1-0: Ball
2-0: Called Strike
2-1: Ball
3-1: Base on Balls
Batting: RHB Lex van Esch 0-0: Called Strike
0-1: Called Strike
0-2: Ball
1-2: Ball
2-2: Ball
3-2: Foul Ball, location: 2F
3-2: Foul Ball, location: 2F
3-2: Strikes out swinging
Kuan Pi is caught stealing 2nd base 2-4
Batter strikes out.
Bottom of the 7th over - 0 runs, 0 hits, 0 errors, 0 left on base; Westwood 1 - Northville 2
TOP OF THE 8TH
Westwood Sixshooters batting - Pitching for Northville Eclipse : LHP Vasile Alexandrescu
Batting: LHB Luis Benítez 0-0: Ball
1-0: Swinging Strike
1-1: Ground out 4-3 (Groundball, 4, EV 84.4 MPH)
Batting: RHB Slavik Akentiev 0-0: Called Strike
0-1: Ball
1-1: Ball
2-1: Swinging Strike
2-2: Ball
3-2: Foul Ball, location: 2F
3-2: Foul Ball, location: 2F
3-2: Strikes out looking
Batting: RHB John Siddall 0-0: Ball
1-0: Ball
2-0: Foul Ball, location: 2F
2-1: Swinging Strike
2-2: Fly out, F8 (Flyball, 8RD, EV 87.5 MPH)
Top of the 8th over - 0 runs, 0 hits, 0 errors, 0 left on base; Westwood 1 - Northville 2
BOTTOM OF THE 8TH
Northville Eclipse batting - Pitching for Westwood Sixshooters : RHP Finley Brinley
Batting: RHB Junji Ito 0-0: Ball
1-0: Foul Ball, location: 2F
1-1: Ball
2-1: Foul Ball, location: 2F
2-2: Fly out, F4 (Popup, 4MD, EV 73.1 MPH)
Batting: RHB Bastien Oudin 0-0: Called Strike
0-1: Ground out 6-3 (Groundball, 56, EV 105.0 MPH)
Batting: LHB John Kersey 0-0: Foul Ball, location: 2F
0-1: Ball
1-1: Ball
2-1: DOUBLE (Flyball, 8RXD, EV 87.5 MPH)
Batting: RHB Daniel Marley 0-0: Ball
1-0: Ball
2-0: Ball
3-0: Called Strike
3-1: Called Strike
3-2: Strikes out swinging
Bottom of the 8th over - 0 runs, 1 hit, 0 errors, 1 left on base; Westwood 1 - Northville 2
TOP OF THE 9TH
Westwood Sixshooters batting - Pitching for Northville Eclipse : LHP Vasile Alexandrescu
Pitching: RHP Monte Evans
Batting: RHB Patrick Rivera 0-0: Ball
1-0: Called Strike
1-1: Foul Ball, location: 2F
1-2: Foul Ball, location: 2F
1-2: Ball
2-2: Ball
3-2: SOLO HOME RUN (Flyball, 78XD, EV 108.8 MPH), Distance : 424 ft
Pinch Hitting: LHB Allan Colston 0-0: Ball
1-0: Ball
2-0: Foul Ball, location: 2F
2-1: Swinging Strike
2-2: Foul Ball, location: 2F
2-2: Ground out 4-3 (Groundball, 4, EV 78.8 MPH)
Batting: LHB Derek Kelly 0-0: Ball
1-0: Ball
2-0: Ball
3-0: Base on Balls
Batting: SHB William Anderson 0-0: Ball
1-0: Called Strike
1-1: Swinging Strike
1-2: Foul Ball, location: 2F
1-2: Ball
2-2: Ball
3-2: Foul Ball, location: 2F
3-2: Ground out 4-3 (Groundball, 4, EV 103.8 MPH)
Derek Kelly to second
Batting: RHB Illarion Podmarkov 0-0: Intentional Walk
Batting: RHB Earl McCarty 0-0: Swinging Strike
0-1: Foul Ball, location: 2F
0-2: Strikes out swinging
Top of the 9th over - 1 run, 1 hit, 0 errors, 2 left on base; Westwood 2 - Northville 2
BOTTOM OF THE 9TH
Northville Eclipse batting - Pitching for Westwood Sixshooters : RHP Finley Brinley
Pitching: RHP Manny Rodríguez
Now in RF: Allan Colston
Batting: LHB Jorge Napolez 0-0: Ground out 6-3 (Groundball, 6, EV 81.2 MPH)
Pinch Hitting: SHB Shing Li 0-0: Called Strike
0-1: Ball
1-1: Ball
2-1: Ball
3-1: Base on Balls
Batting: SHB Diego Alejandro Secada 0-0: Called Strike
0-1: Ball
1-1: Foul Ball, location: 2F
1-2: Ball
2-2: Foul Ball, location: 2F
2-2: Foul Ball, location: 2F
2-2: Foul Ball, location: 2F
2-2: 2-RUN HOME RUN (Flyball, 89XD, EV 106.9 MPH), Distance : 426 ft
Friday, March 26th, 2021 - OOTP Baseball 20.8 Build 74